 Dungeon Crawl Stone Soup version 0.30-a0-652-gcc886f7154 (webtiles) character file.

Game seed: 12725773644337256300

54 drugrobin the Sneak (level 3, -2/30 HPs)
             Began as a Demigod Delver on Jan 17, 2023.
             Slain by an iguana (5 damage)
             ... on level 3 of the Dungeon.
             The game lasted 00:05:05 (1593 turns).

drugrobin the Sneak (Demigod Delver)                Turns: 1593, Time: 00:05:05

Health: -2/30      AC:  6    Str: 23    XL:     3   Next: 44%
Magic:  0/5        EV: 10    Int: 12    God:
Gold:   166        SH:  0    Dex: 15    Spells: 2/2 levels left

rFire   . . .      SeeInvis .      - Unarmed
rCold   . . .      Faith    .    (no shield)
rNeg    . . .      Spirit   +    g - +0 scale mail
rPois   .          Reflect  .    (no helmet)
rElec   .          Harm     .    (no cloak)
rCorr   .          Rampage  .    (no gloves)
Will    .....                    (no boots)
Stlth   +                        d - amulet of guardian spirit
HPRegen 0.25/turn                h - +6 ring of strength
MPRegen 0.09/turn                (no ring)

@: hasted, very quick
A: high MP 1, forlorn, divine attributes
a: no special abilities


You were on level 3 of the Dungeon.
You visited 1 branch of the dungeon, and saw 5 of its levels.

You collected 166 gold pieces.

Inventory:

Hand Weapons
 m - a +0 quarterstaff
Armour
 a - a +0 leather armour
 g - a +0 scale mail (worn)
 i - an orb of wrath
Jewellery
 d - an amulet of guardian spirit (around neck)
 h - a +6 ring of strength (left hand)
Wands
 f - a wand of digging (2)
Scrolls
 b - 2 scrolls of fog
 e - a scroll of teleportation {unknown}
 k - a scroll of torment {unknown}
 n - a scroll of noise {unknown}
 p - a scroll of amnesia {unknown}
 q - a scroll of identify {unknown}
Potions
 j - a potion of curing {unknown}
 l - 2 potions of resistance {unknown}
 o - a potion of mutation {unknown}


   Skills:
 - Level 2.6 Fighting
 - Level 1.7 Dodging
 - Level 4.5 Stealth
 + Level 3.7 Unarmed Combat


You had 2 spell levels left.
You didn't know any spells.
Your spell library contained the following spells:

 Spells                   Type           Power      Damage    Failure   Level
 Sandblast                Erth           0%         2d4       65%         1
 Passwall                 Tmut/Erth      0%         N/A       80%         2
 Ozocubu's Armour         Ice            0%         N/A       95%         3
 Portal Projectile        Hex/Tloc       0%         N/A       95%         3
 Stone Arrow              Conj/Erth      0%         3d7       95%         3
 Tukima's Dance           Hex            0%         N/A       95%         3
 Blade Hands              Tmut           0%         N/A       100%        5
 Metabolic Englaciation   Hex/Ice        0%         N/A       100%        5
 Simulacrum               Ice/Necr       0%         N/A       100%        6


Dungeon Overview and Level Annotations

Branches:
Dungeon (5/15)
 Temple: D:4-7

Annotations:
D:2 1 runed translucent door, Crazy Yiuf, Robin


Innate Abilities, Weirdness & Mutations

You have an increased reservoir of magic. (+10% MP)
You shall have no god before yourself.
Your divine heritage dramatically boosts your attributes as you level up.


Message History

The giant cockroach misses you.
You barely miss the giant cockroach. The giant cockroach barely misses you.
You hit the giant cockroach.
You kill the giant cockroach!
An endoplasm comes into view.
You see here a giant cockroach corpse.
The endoplasm quivers.
An iguana and a goblin come into view.
Found a bubbling grey potion.
The iguana hisses angrily.
The goblin shouts!
The endoplasm hits you but does no damage.
Unknown command.
You completely miss the endoplasm. The endoplasm freezes you.
You are frozen.
You hit the endoplasm.
The endoplasm is heavily wounded.
The endoplasm freezes you.
You are frozen.
You hit the endoplasm.
The endoplasm is severely wounded.
The endoplasm freezes you.
You are frozen.
You punch the endoplasm!
You kill the endoplasm!
The goblin attacks as you move away! The goblin barely misses you.
The iguana attacks as you move away! The iguana bites you!
The goblin attacks as you move away! The goblin closely misses you.
The goblin attacks as you move away! The goblin closely misses you.
You hit the iguana.
The iguana is moderately wounded.
The iguana bites you!
* * * LOW HITPOINT WARNING * * *
Unknown command.
Unknown command.
Okay, then.
Okay, then.
Okay, then.
You feel yourself speed up. The iguana bites you.
You die...

......###..............#
......##...............#
......##...............#
.......................##
..............†.........#
..................##..#.!
.....##....#....g........
....##..#......##........
.####.. ##†##.bl@.#.....
.# #..# #.##..##.#.....
####.## #.##..##.......
......# ##)..b..........
......###.........#.....
.....^............##....
......###.........##......
..................##.....
......##..........##.....
#


You could see an iguana and a bat.

Vanquished Creatures
  An adder (D:3)
  A worm (D:3)
  An orc (D:3)
  7 ball pythons
  3 endoplasms
  4 giant cockroaches
  6 goblins
  2 hobgoblins (D:1)
  3 kobolds
  2 quokkas (D:1)
  2 bats
  2 frilled lizards
  3 rats (D:1)
37 creatures vanquished.

Notes
Turn   | Place    | Note
-------+----------+-------------------------------------------
     0 | D:5      | drugrobin the Demigod Delver began the quest for the Orb.
     0 | D:5      | Reached XP level 1. HP: 18/18 MP: 3/3
    68 | D:5      | Noticed a hound
    94 | D:5      | Noticed an iguana
   413 | D:1      | Reached XP level 2. HP: 23/25 MP: 4/4
  1223 | D:2      | Found a runed translucent door.
  1224 | D:2      | Noticed Crazy Yiuf
  1330 | D:2      | Noticed Robin
  1354 | D:2      | Reached XP level 3. HP: 10/30 MP: 5/5
  1369 | D:3      | HP: 1/30 [adder (3)]
  1593 | D:3      | Slain by an iguana

Illustrated notes

Levels and vault maps discovered:
D:1:      lightli_arrival_isolated_outpost, layout_basic
D:2:      layout_basic, due_unseen_surprise, uniq_robin, uniq_natasha,
          uniq_crazy_yiuf_cottage
D:3:      layout_rooms, amcnicky_altar_gilded, uniq_grinder
D:4:      layout_cave_pools, lemuel_round_altar,
          pdpol_wu_jian_five_deadly_venoms, uniq_edmund
D:5:      layout_basic

Skill      XL: |  1  2 |
---------------+-------+-----
Unarmed Combat | 2 3 |  3.7
Fighting       | |  2.6
Dodging        | |  1.7
Stealth        | |  4.5

Action                   || total
-------------------------++-------
Melee: Unarmed           ||   144
       Punch             ||     1
Evoke: Wand              ||     1
  Use: Potion            ||     5
       Scroll            ||     3
 Stab: Sleeping          ||     5
Armor: Leather armour    ||    27
       Scale mail        ||    43
Dodge: Dodged            ||   103

Table legend: (Time is in decaauts)
 A = Elapsed time spent in this place.
 B = Non-inter-level travel time spent in this place.
 C = Inter-level travel time spent in this place.
 D = Time resting spent in this place.
 E = Time spent auto-exploring this place.
 F = Levels seen in this place.
 G = Mean time per level.
                   A        B        C        D        E       F      G
               +--------+--------+--------+--------+--------+-----+--------+
         Total |   1573 |   1537 |     36 |    127 |    852 |   5 |  314.6 |
       Dungeon |   1573 |   1537 |     36 |    127 |    852 |   5 |  314.6 |
               +--------+--------+--------+--------+--------+-----+--------+

Top non-repeatable levels by time:
     D:1: 985 daAuts
     D:3: 248 daAuts
     D:2: 213 daAuts
     D:5: 100 daAuts
     D:4: 26 daAuts
